 Dungeon Crawl Stone Soup version 0.24.0-1-gfbc8707122 (webtiles) character file.

Game seed: 10969715593162281413, levelgen mode: deterministic

442565 GordonOverkill the Warrior (level 23, -2/154 (158) HPs)
             Began as a Deep Elf Berserker on Oct 25, 2019.
             Was the Champion of Trog.
             Killed from afar by a frost giant (60 damage)
             ... with a bolt of cold
             ... on level 4 of the Depths.
             The game lasted 02:18:00 (64040 turns).

GordonOverkill the Warrior (Deep Elf Berserker)    Turns: 64040, Time: 02:18:01

HP:   -2/154 (158)  AC: 34    Str: 24    XL:     23   Next: 5%
MP:   28/28         EV: 10    Int: 14    God:    Trog [******]
Gold: 1126          SH: 24    Dex: 14    Spells: 22/22 levels left

rFire    . . .     SeeInvis .   a - +8 broad axe (chop)
rCold    . . .     Gourm    .   d - +0 large shield
rNeg     + + .     Faith    .   N - +8 orange crystal plate armour {Archmagi, Int+3 Clar}
rPois    +         Spirit   .   j - +2 helmet
rElec    .         Reflect  +   B - +2 cloak
rCorr    .         Harm     .   Q - +2 pair of gloves "Donuneiq" {rN+ Str+3}
MR       ++++.     Clarity  +   J - +2 pair of boots {run}
Stlth    ..........             C - +4 amulet of reflection
HPRegen  1.35/turn              m - ring of Diarphoe {+Inv rPois rN+ Int-5}
MPRegen  0.21/turn              i - +6 ring of slaying

@: corroded, berserk cooldown, regenerating, slowed, very slow
A: no striking features
}: 2/15 runes: decaying, serpentine
a: Berserk, Trog's Hand, Brothers in Arms, Renounce Religion, Evoke Invisibility


You were on level 4 of the Depths.
You worshipped Trog.
Trog was exalted by your worship.
You were hungry.

You visited 7 branches of the dungeon, and saw 39 of its levels.

You collected 5001 gold pieces.
You spent 3875 gold pieces at shops.

Inventory:

Hand Weapons
 a - a +8 broad axe of chopping (weapon)
 c - a +4 antimagic broad axe
 f - a +4 vampiric broad axe
 q - a +5 broad axe
 P - a +7 broad axe of freezing
Armour
 d - a +0 large shield (worn)
 j - a +2 helmet (worn)
 r - a +1 buckler of fire resistance
 B - a +2 cloak (worn)
 J - a +2 pair of boots of running (worn)
 N - the +8 orange crystal plate armour (worn) {Archmagi, Int+3 Clar}
   (You found it on level 2 of the Lair of Beasts)

   It affects your intelligence (+3).
   It protects you against confusion.
 Q - the +2 pair of gloves "Donuneiq" (worn) {rN+ Str+3}
   (You bought it in a shop on level 1 of the Depths)

   It affects your strength (+3).
   It protects you from negative energy.
Jewellery
 i - a +6 ring of slaying (right hand)
 m - the ring of Diarphoe (left hand) {+Inv rPois rN+ Int-5}
   (You found it on level 4 of the Vaults)

   [ring of intelligence]

   It affects your intelligence (-5).
   It protects you from poison.
   It protects you from negative energy.
   It lets you turn invisible.
 C - a +4 amulet of reflection (around neck)
 E - an uncursed ring of ice
Wands
 n - a wand of clouds (5)
 x - a wand of digging (18)
 G - a wand of scattershot (17)
 I - a wand of acid (16)
 X - a wand of iceblast (18)
Scrolls
 g - 4 scrolls of blinking
 s - 9 scrolls of remove curse
 t - 5 scrolls of fear
 y - 4 scrolls of fog
 D - 16 scrolls of identify
 F - 11 scrolls of immolation
 H - 5 scrolls of teleportation
 T - a scroll of silence
 U - 3 scrolls of enchant armour
 V - a scroll of summoning
 W - 5 scrolls of magic mapping
Potions
 l - 15 potions of curing
 o - 4 potions of lignification
 p - 5 potions of might
 u - 3 potions of berserk rage
 v - 4 potions of flight
 w - 7 potions of resistance
 z - 4 potions of cancellation
 A - 5 potions of heal wounds
 L - 3 potions of mutation
 M - 2 potions of invisibility
 O - 6 potions of agility
 S - 7 potions of haste
 Z - 2 potions of magic
Miscellaneous
 K - a phial of floods
 Y - a phantom mirror
Comestibles
 b - 25 chunks of flesh
 e - 36 rations


   Skills:
 + Level 20.5 Fighting
 - Level 18.0 Axes
 - Level 10.0 Armour
 - Level 18.0 Dodging
 - Level 15.0 Shields
 - Level 5.0 Evocations


You had 22 spell levels left.
You didn't know any spells.
Your spell library was empty.

Dungeon Overview and Level Annotations

Branches:
Dungeon (15/15)            Temple (0/1) D:7            Lair (6/6) D:10
  Swamp (4/4) Lair:2        Snake (4/4) Lair:3        Slime (0/5) Lair:5
    Orc (2/2) D:12            Elf (0/3) Orc:2        Vaults (4/5) D:14
  Crypt (0/3) Vaults:3     Depths (4/5) D:15

Altars:
Dithmenos
Elyvilon
Fedhas
Hepliaklqana
Makhleb
Okawaru
Qazlal
Ru
Xom
Zin
The Shining One
Jiyva

Shops:
D:5 =   D:9 *   Orc:1 =   Orc:2 ([*:   Snake:1 !   Vaults:1 !   Depths:1 [(}[

Portals:
Hell: Depths:1 Depths:2 Depths:3 Depths:4
Abyss: Depths:1
Pandemonium: Depths:3


Message History

You feel somewhat more hungry.
The vampire knight hits you with a +3 great mace.
You block the vampire knight's attack.
You hit the vampire knight but do no damage.
The vampire knight casts a spell at you.
You resist with almost no effort.
Your orange crystal plate armour prevents you from hitting the vampire knight.
You block the vampire knight's attack.
The vampire knight bites you but does no damage.
The frost giant casts a spell at you.
The bolt of cold hits the vampire knight!!
The vampire knight resists.
The bolt of cold hits you!
You hear a shout!
You closely miss the vampire knight.
The vampire knight is moderately damaged.
You block the vampire knight's attack. The vampire knight closely misses you.
The frost giant casts a spell at you.
The bolt of cold hits the vampire knight!!
The vampire knight resists.
The bolt of cold hits you!!!
You die...

# #C #.# # ..# .# ####
#.###.# ...# #.....# ...#
########T# ...+
#....#..## ...#
.###.@##.## ...#
#.#.#.#VC.#
..(#+####+#.##..###.)#
............#....##.##
............###.#########
............# #..##..#..#
............####.##.##..#
............#.......)(###
+#......###.##.####..|#.#


You could see a frost giant and a vampire knight.

Vanquished Creatures
  the Lernaean hydra (Swamp:4)
  2 caustic shrikes
  Margery (Vaults:3)
  Vashnia (Snake:3)
  Saint Roka (Snake:3)
  A Tzitzimitl (Depths:2)
  Asterion (Snake:4)
  A lich (Depths:4)
  A sphinx (Depths:3)
  2 ancient champions (Vaults:3)
  2 thorn hunters
  Agnes (Snake:1)
  Frances (D:14)
  A shadow dragon (Depths:2)
  The ghost of Dittersdorf the Severer, an adept MiBe of Trog (Snake:4)
  Kirke (D:13)
  A storm dragon (Vaults:2)
  8 nagarajas
  4 tengu reavers
  7 fire giants
  A balrug (Depths:4)
  3 deep elf sorcerers (Vaults:3)
  9 vault wardens
  Aizul (Snake:3)
  A juggernaut zombie (Depths:3)
  4 frost giants
  An orc warlord (Orc:2)
  A caustic shrike zombie (Depths:1)
  A reaper (Depths:3)
  A ghoul (Vaults:3)
  13 ironheart preservers
  22 very ugly things
  A juggernaut skeleton (Depths:1)
  The ghost of Onucvo the Cleaver, a journeyman FoFi of Okawaru (D:14)
  A spriggan defender (Depths:3)
  16 stone giants
  A deep elf demonologist (Vaults:2)
  2 entropy weavers
  A vampire knight (Depths:3)
  2 deep elf annihilators
  4 ettins
  4 spark wasps (Depths:3)
  The ghost of Cooqonn the Thaumaturge, a journeyman DsVM of Kikubaaqudgha (D:12)
  2 deep elf death magi
  2 jiangshi (Depths:1)
  3 great orbs of eyes
  5 fire dragons
  2 eidola (Depths:2)
  10 vault guards
  8 yaktaur captains
  Harold (D:9)
  A deep elf high priest (Depths:4)
  20 hydras
  9 ice dragons
  11 naga warriors
  8 rakshasas
  4 anacondas
  A shambling mangrove (Swamp:3)
  A spriggan air mage (Depths:3)
  A juggernaut simulacrum (Depths:3)
  A two-headed ogre (shapeshifter) (Depths:3)
  10 centaur warriors
  4 death knights
  The ghost of Gynju the Basher, a novice MiFi of Zin (D:8)
  3 dancing weapons (Depths:2)
  24 alligators
  2 vampire magi
  9 tengu warriors
  42 two-headed ogres
  12 ogre magi
  7 deep troll shamans
  12 deep troll earth magi
  14 naga sharpshooters
  Urug (D:13)
  4 orc high priests (Orc:2)
  9 shock serpents
  7 hell knights
  2 spriggan berserkers
  Sonja (Lair:1)
  2 sun demons (Depths:4)
  3 shadow wraiths
  A spectral minotaur (Depths:2)
  2 titan skeletons
  5 skeletal warriors
  A salamander mystic (Snake:4)
  4 deep elf knights (Vaults:2)
  3 spark wasp zombies
  5 iron trolls
  A golden dragon zombie (D:15)
  6 wizards
  4 unseen horrors
  7 flayed ghosts
  An infernal demonspawn (Depths:3)
  2 orange crystal statues (Depths:2)
  A sea snake (shapeshifter) (Depths:3)
  2 death drakes (Depths:2)
  20 deep trolls
  A gelid demonspawn (Depths:3)
  7 glowing orange brains
  4 naga ritualists
  A glowing orange brain (shapeshifter) (Vaults:2)
  12 deep elf archers
  The ghost of Mrkan the Grappler, a novice TrAK of Lugonu (D:7)
  2 spriggan druids
  15 orc knights
  6 phantasmal warriors
  17 swamp dragons
  3 large abominations (Depths:1)
  3 mana vipers
  7 necromancers
  15 ironbrand convokers
  2 sphinx zombies (Vaults:2)
  A frost giant zombie (Depths:1)
  3 wolf spiders
  2 tengu skeletons
  52 ugly things
  4 oklob plants (Lair:6)
  A manticore (D:12)
  6 cyclopes
  25 deep elf magi
  3 orc sorcerers
  An iron dragon skeleton (Depths:3)
  8 salamanders
  3 centaur zombies
  A fire giant skeleton (Vaults:2)
  2 elephants (shapeshifter)
  2 frost giant skeletons
  A sphinx skeleton (Depths:1)
  8 elephants (Lair:5)
  2 black mambas (shapeshifter)
  27 naga magi
  30 black mambas
  8 guardian serpents
  25 spiny frogs
  An orange demon (Depths:3)
  13 vault sentinels
  2 gargoyles
  4 centaur skeletons
  A rime drake (shapeshifter) (Vaults:3)
  A rime drake (Lair:4)
  43 yaktaurs
  6 komodo dragons
  8 freezing wraiths
  3 spectral merfolk (Depths:2)
  2 tengu conjurers
  3 anaconda simulacra (Depths:2)
  A guardian mummy (D:15)
  A troll (shapeshifter) (D:14)
  8 tyrant leeches
  A hornet (shapeshifter) (Vaults:4)
  15 hornets
  6 polar bears
  5 bog bodies
  Grinder (D:4)
  9 trolls
  A fire dragon zombie (Depths:1)
  A deep troll zombie (D:15)
  A hippogriff (shapeshifter) (Vaults:4)
  17 slime creatures
  11 dream sheep
  11 hippogriffs
  3 raiju (Depths:2)
  22 blink frogs
  2 spriggan zombies
  2 centaur simulacra
  An ettin skeleton (Vaults:2)
  2 spriggan skeletons (Depths:3)
  A spriggan (shapeshifter) (Vaults:1)
  2 vampires
  48 yaks
  9 shadows
  4 redbacks
  3 hogs (D:13)
  11 wyverns
  5 water elementals
  9 spriggans
  10 wraiths
  A human (D:13)
  4 basilisks
  5 chaos spawn (Depths:1)
  A hog (shapeshifter) (Vaults:3)
  A human simulacrum (Vaults:3)
  A hungry ghost (D:11)
  13 wargs
  37 vampire mosquitoes
  14 insubstantial wisps
  32 nagas
  A naga (shapeshifter) (Depths:4)
  8 swamp worms
  13 water moccasins
  6 hell hounds (Depths:2)
  4 acid dragons
  3 spectral trolls (Depths:2)
  4 small abominations (Depths:1)
  A floating eye (Depths:2)
  A soldier ant (D:12)
  2 spectral spriggans (Depths:2)
  5 porcupines
  5 ice beasts
  8 sky beasts
  17 swamp drakes
  33 orc warriors
  2 eyes of draining
  2 phantoms
  2 black bears
  6 necrophages (Swamp:1)
  16 boggarts
  An eye of draining (shapeshifter) (Vaults:3)
  37 ogres
  15 centaurs
  8 wolves
  8 crocodiles
  7 big kobolds
  Blork the orc (D:5)
  17 bullfrogs
  4 gnoll sergeants
  5 scorpions
  5 killer bees (D:9)
  A spectral ogre (Depths:2)
  A spectral naga (Depths:2)
  9 howler monkeys
  4 wights (Depths:2)
  A spectral centaur (Depths:2)
  9 electric eels
  9 crimson imps
  4 bullfrog zombies
  4 hounds
  A jelly (D:10)
  26 orc priests
  34 orc wizards
  Crazy Yiuf (D:3)
  6 iguanas
  Natasha (thrice) (D:2)
  11 worker ants
  A hound skeleton (D:4)
  Robin (D:2)
  9 gnolls
  9 adders
  2 naga simulacra (Depths:2)
  4 shadow imps
  3 oozes
  3 adder zombies
  3 adder skeletons
  A worm (D:3)
  10 leopard geckos
  96 orcs
  9 bats
  4 giant cockroaches
  7 hobgoblins
  11 jackals
  2 ball pythons
  3 frilled lizards
  13 goblins
  23 kobolds
  A leopard gecko skeleton (D:4)
  8 rats
  6 briar patches (Swamp:2)
  5 crawling corpses (Vaults:2)
  3 plants
1793 creatures vanquished.

Vanquished Creatures (collateral kills)
  A very ugly thing (Swamp:4)
  A great orb of eyes (Vaults:3)
  A shambling mangrove (Swamp:4)
  A ghost crab (Swamp:2)
  An ogre mage (Vaults:3)
  A deep elf knight (Vaults:3)
  A spriggan (Swamp:4)
  A skeletal warrior (D:12)
  A flayed ghost (D:13)
  An ironbrand convoker (Vaults:3)
  A harpy (D:13)
  3 deep elf magi (Vaults:3)
  2 ugly things (D:14)
  A black mamba (Lair:6)
  2 hornets (Swamp:4)
  2 wyverns (Lair:6)
  2 yaks (D:10)
  A wraith (D:12)
  3 vampire mosquitoes (Swamp:4)
  4 water moccasins (Lair:6)
  An orc warrior (D:10)
  A centaur (Vaults:3)
  A bullfrog zombie (D:10)
  An orc priest (D:10)
  2 orc wizards (D:10)
  An adder (D:10)
38 creatures vanquished.

Vanquished Creatures (others)
  A frost giant (Depths:1)
  2 stone giants
  A yaktaur captain (Depths:1)
  4 naga sharpshooters
  An unseen horror (Vaults:1)
  A wizard (Vaults:1)
  A deep elf archer (Vaults:2)
  A black mamba (Snake:3)
  4 naga magi (Snake:4)
  2 yaktaurs (Depths:1)
  2 insubstantial wisps (Swamp:2)
  A centaur (Vaults:3)
  A worker ant (D:7)
  2 orcs (Vaults:3)
  22 fungi
  35 plants
  3 withered plants (D:15)
84 creatures vanquished.

Grand Total: 1915 creatures vanquished

Notes
Turn   | Place    | Note
-------+----------+-------------------------------------------
     0 | D:1      | GordonOverkill the Deep Elf Berserker began the quest for
                  | the Orb.
     0 | D:1      | Reached XP level 1. HP: 13/13 MP: 3/3
   349 | D:1      | Reached XP level 2. HP: 18/18 MP: 4/4
   822 | D:2      | Reached XP level 3. HP: 22/22 MP: 5/5
  1235 | D:2      | Reached skill level 3 in Fighting
  1235 | D:2      | Reached XP level 4. HP: 28/28 MP: 6/6
  1241 | D:2      | Reached ** piety under Trog
  1300 | D:2      | Reached XP level 5. HP: 31/32 MP: 7/7
  1519 | D:2      | Noticed Natasha
  1528 | D:2      | Killed Natasha
  1601 | D:2      | Noticed Natasha
  1609 | D:2      | Killed Natasha
  1651 | D:2      | Found a glowing golden altar of the Shining One.
  1656 | D:2      | Found a glowing silver altar of Zin.
  1658 | D:2      | Found a white marble altar of Elyvilon.
  1658 | D:2      | Found a burning altar of Makhleb.
  1661 | D:2      | Found an iron altar of Okawaru.
  1662 | D:2      | Found a sacrificial altar of Ru.
  1714 | D:2      | Noticed Natasha
  1722 | D:2      | Killed Natasha
  1828 | D:2      | Noticed Robin
  1841 | D:2      | Killed Robin
  1841 | D:2      | Reached skill level 4 in Fighting
  2033 | D:3      | Reached XP level 6. HP: 38/38 MP: 8/8
  2080 | D:3      | Reached *** piety under Trog
  2400 | D:3      | Found a runed translucent door.
  2401 | D:3      | Noticed Crazy Yiuf
  2867 | D:3      | Killed Crazy Yiuf
  3259 | D:4      | Reached XP level 7. HP: 33/44 MP: 9/9
  3524 | D:4      | Noticed Grinder
  3538 | D:4      | Killed Grinder
  3538 | D:4      | Reached skill level 5 in Fighting
  3538 | D:4      | Reached skill level 5 in Axes
  4288 | D:5      | Entered Level 5 of the Dungeon
  4326 | D:5      | Found an iron altar of Okawaru.
  4486 | D:5      | Noticed Blork the orc
  4499 | D:5      | Killed Blork the orc
  4637 | D:5      | Reached XP level 8. HP: 43/51 MP: 10/10
  4734 | D:5      | Found Yreel's Jewellery Emporium.
  5039 | D:5      | Reached skill level 6 in Fighting
  5495 | D:6      | Reached **** piety under Trog
  6028 | D:6      | Received a gift from Trog
  6282 | D:7      | Reached skill level 7 in Fighting
  6440 | D:7      | Reached XP level 9. HP: 57/57 MP: 11/11
  6696 | D:7      | Found a stormy altar of Qazlal.
  6723 | D:7      | Found a staircase to the Ecumenical Temple.
  6746 | D:7      | Found a blossoming altar of Fedhas.
  6874 | D:7      | Found a runed translucent door.
  6874 | D:7      | Noticed Mrkan's ghost (novice TrAK)
  7164 | D:8      | Reached skill level 8 in Fighting
  7223 | D:8      | Found a shimmering altar of Xom.
  7223 | D:8      | Found a shimmering altar of Xom.
  7224 | D:8      | Found a shimmering altar of Xom.
  7270 | D:8      | Found a runed translucent door.
  7270 | D:8      | Noticed a six-headed hydra
  7270 | D:8      | Noticed Gynju's ghost (novice MiFi)
  7452 | D:8      | Found a hazy altar of Hepliaklqana.
  7908 | D:9      | Noticed Harold
  7925 | D:9      | Killed Harold
  7925 | D:9      | Reached skill level 9 in Fighting
  7925 | D:9      | Reached XP level 10. HP: 66/66 MP: 12/12
  8535 | D:9      | Found Oziaryug's General Store.
  8551 | D:9      | Identified a +1 pair of boots of running (You found it on
                  | level 9 of the Dungeon)
  8681 | D:10     | Entered Level 10 of the Dungeon
  8820 | D:10     | Found a staircase to the Lair.
  9253 | D:10     | Reached skill level 10 in Axes
  9272 | D:10     | Reached skill level 10 in Fighting
  9329 | D:10     | Noticed a two-headed ogre
  9349 | D:10     | Killed a two-headed ogre
  9674 | D:10     | Reached XP level 11. HP: 69/72 MP: 13/13
  9902 | Lair:1   | Entered Level 1 of the Lair of Beasts
 10271 | Lair:1   | Reached ***** piety under Trog
 10306 | Lair:1   | Noticed Sonja
 10310 | Lair:1   | Killed Sonja
 10312 | Lair:1   | Found a burning altar of Makhleb.
 10973 | Lair:1   | Found the +8 whip "Snakebite" {curare, rPois}
 11599 | Lair:2   | Found the +8 orange crystal plate armour {Archmagi, Int+3
                  | Clar}
 12030 | Lair:2   | You fall into a shaft and drop 2 floors!
 12422 | Lair:2   | Found a staircase to the Swamp.
 12806 | Lair:3   | Found a staircase to the Snake Pit.
 13447 | Lair:4   | Noticed an eight-headed hydra
 13462 | Lair:4   | Killed an eight-headed hydra
 13551 | Lair:4   | Reached XP level 12. HP: 55/77 MP: 14/14
 14127 | Lair:4   | Reached skill level 5 in Armour
 16108 | Lair:5   | Found a runed translucent door.
 16108 | Lair:5   | Found a viscous altar of Jiyva.
 16121 | Lair:5   | Found a staircase to the Slime Pits.
 16215 | Lair:6   | Entered Level 6 of the Lair of Beasts
 16225 | Lair:6   | Reached XP level 13. HP: 82/82 MP: 15/15
 16554 | Lair:6   | Received a gift from Trog
 17466 | Lair:6   | Reached skill level 10 in Armour
 17516 | Lair:6   | Reached skill level 5 in Dodging
 18784 | D:11     | Found a shimmering altar of Xom.
 19381 | D:11     | Received a gift from Trog
 20058 | D:12     | Reached XP level 14. HP: 37/88 MP: 16/16
 20922 | D:12     | Found a staircase to the Orcish Mines.
 21134 | D:12     | Found a transporter.
 21136 | D:12     | Identified the +8 great mace of Plog {holy, *Noise rN+
                  | Int+2}
 21138 | D:12     | Found a transporter.
 21138 | D:12     | Noticed Cooqonn's ghost (journeyman DsVM)
 22194 | D:13     | Noticed Urug
 22221 | D:13     | Killed Urug
 22387 | D:13     | Noticed Kirke
 22414 | D:13     | Killed Kirke
 22435 | D:13     | Reached skill level 10 in Dodging
 22555 | D:13     | Received a gift from Trog
 22791 | D:13     | Noticed a tengu reaver
 22816 | D:13     | Killed a tengu reaver
 22816 | D:13     | Reached skill level 11 in Fighting
 22898 | D:13     | Reached skill level 1 in Shields
 23023 | D:13     | Got a crude chain mail
 23024 | D:13     | Identified the +2 chain mail "Hanenits" {*Contam rElec
                  | rF+++ Str-3} (You found it on level 13 of the Dungeon)
 23166 | D:14     | Found a blossoming altar of Fedhas.
 23359 | D:14     | Found a gate to the Vaults.
 23359 | D:14     | Noticed an ironheart preserver
 23415 | D:14     | Killed an ironheart preserver
 24255 | D:14     | Found a runed translucent gate.
 24256 | D:14     | Found a runed translucent gate.
 24257 | D:14     | Found a runed translucent gate.
 24257 | D:14     | Noticed Onucvo's ghost (journeyman FoFi)
 24283 | D:14     | Noticed Frances
 24314 | D:14     | Killed Frances
 25101 | D:7      | Killed Mrkan's ghost
 25101 | D:7      | Reached skill level 15 in Axes
 25170 | D:8      | Killed Gynju's ghost
 25170 | D:8      | Reached XP level 15. HP: 75/95 MP: 17/17
 25750 | D:12     | Killed Cooqonn's ghost
 25975 | D:14     | Killed Onucvo's ghost
 26313 | D:15     | Entered Level 15 of the Dungeon
 26325 | D:15     | Reached skill level 12 in Fighting
 26490 | D:15     | Found a shadowy altar of Dithmenos.
 27761 | D:15     | Found a staircase to the Depths.
 27804 | D:15     | Reached ****** piety under Trog
 28238 | D:15     | Found a burning altar of Makhleb.
 28398 | Orc:1    | Entered Level 1 of the Orcish Mines
 28980 | Orc:1    | Found Ehuule's Jewellery Boutique.
 29042 | Orc:2    | Entered Level 2 of the Orcish Mines
 29227 | Orc:2    | Found a staircase to the Elven Halls.
 29400 | Orc:2    | Received a gift from Trog
 30802 | Orc:2    | Noticed an orc warlord
 30840 | Orc:2    | Killed an orc warlord
 31118 | Orc:2    | Found Noisurghebag's General Store.
 31119 | Orc:2    | Found Dounn's Book Emporium.
 31120 | Orc:2    | Found Seodiast's Antique Armour Emporium.
 31120 | Orc:2    | Found Puohant's Antique Weapon Shoppe.
 31134 | Orc:2    | Bought a potion of heal wounds for 60 gold pieces
 31536 | D:5      | Bought a +6 ring of slaying for 1869 gold pieces
 31541 | D:5      | Bought a +4 amulet of reflection for 351 gold pieces
 31711 | Swamp:1  | Entered Level 1 of the Swamp
 31733 | Swamp:1  | Reached skill level 13 in Fighting
 31838 | Swamp:1  | HP: 4/98 [poison (poison gas)]
 32607 | Swamp:1  | Received a gift from Trog
 32984 | Swamp:1  | Reached XP level 16. HP: 73/104 MP: 18/18
 34185 | Swamp:2  | Noticed a thorn hunter
 34200 | Swamp:2  | Killed a thorn hunter
 34200 | Swamp:2  | Received a gift from Trog
 35669 | Swamp:3  | Reached skill level 1 in Evocations
 36139 | Swamp:3  | Reached skill level 14 in Fighting
 36495 | Swamp:4  | Entered Level 4 of the Swamp
 36507 | Swamp:4  | Received a gift from Trog
 36529 | Swamp:4  | HP: 3/106 [shambling mangrove (25)]
 36574 | Swamp:4  | Noticed a thorn hunter
 36609 | Swamp:4  | Killed a thorn hunter
 37447 | Swamp:4  | Reached skill level 5 in Evocations
 37849 | Swamp:4  | Noticed the 27-headed Lernaean hydra
 38086 | Swamp:4  | Reached XP level 17. HP: 69/112 MP: 22/22
 38486 | Swamp:4  | Killed the 23-headed Lernaean hydra
 38790 | Swamp:4  | Got a decaying rune of Zot
 39119 | Vaults:1 | Entered Level 1 of the Vaults
 39356 | Vaults:1 | Received a gift from Trog
 39667 | Vaults:1 | Reached skill level 15 in Fighting
 40350 | Vaults:1 | Found Pessent's Distillery.
 40354 | Vaults:1 | Bought a potion of haste for 190 gold pieces
 40354 | Vaults:1 | Bought a potion of heal wounds for 95 gold pieces
 40354 | Vaults:1 | Bought a potion of cancellation for 152 gold pieces
 40354 | Vaults:1 | Bought a potion of cancellation for 152 gold pieces
 40557 | Vaults:2 | Noticed a Hell Sentinel
 41495 | Vaults:2 | Identified the +1 mace "Biottei" {antimagic, +Blink rF-
                  | rC+++ rN+ Stlth+}
 41495 | Vaults:2 | Identified the cursed +3 trident of Awkwardness {pierce,
                  | *Drain Int+5 Dex+2}
 41527 | Vaults:2 | Received a gift from Trog
 41529 | Vaults:2 | Reached XP level 18. HP: 95/119 MP: 23/23
 42695 | Vaults:2 | Reached skill level 15 in Dodging
 42887 | Vaults:2 | Reached skill level 5 in Shields
 43743 | Vaults:3 | Noticed Margery
 44015 | Vaults:3 | Killed Margery
 44020 | Vaults:3 | Received a gift from Trog
 45170 | Vaults:3 | Received a gift from Trog
 45185 | Vaults:3 | HP: 4/120 [deep elf mage/bolt of lightning[an ironheart
                  | preserver] (32)]
 45505 | Vaults:3 | Reached XP level 19. HP: 125/125 MP: 24/24
 46244 | Vaults:3 | Received a gift from Trog
 46595 | Vaults:3 | Found a staircase to the Crypt.
 46610 | Vaults:3 | Reached skill level 16 in Fighting
 47287 | Vaults:4 | Reached skill level 10 in Shields
 48043 | Vaults:4 | Received a gift from Trog
 48558 | Vaults:4 | Got a serpentine golden ring
 48619 | Vaults:4 | Identified the cursed ring of Diarphoe {+Inv rPois rN+
                  | Int-5} (You found it on level 4 of the Vaults)
 49719 | Depths:1 | Entered Level 1 of the Depths
 49770 | Depths:1 | Reached XP level 20. HP: 131/131 MP: 25/25
 50256 | Snake:1  | Entered Level 1 of the Snake Pit
 50876 | Snake:1  | Found Cionk's Distillery.
 50884 | Snake:1  | Bought a potion of mutation for 128 gold pieces
 50884 | Snake:1  | Bought a potion of agility for 64 gold pieces
 50884 | Snake:1  | Bought a potion of cancellation for 128 gold pieces
 50884 | Snake:1  | Bought a potion of curing for 48 gold pieces
 50884 | Snake:1  | Bought a potion of curing for 48 gold pieces
 50884 | Snake:1  | Bought a potion of curing for 48 gold pieces
 50884 | Snake:1  | Bought a potion of curing for 48 gold pieces
 50908 | Snake:1  | Noticed Agnes
 50918 | Snake:1  | Killed Agnes
 50919 | Snake:1  | Received a gift from Trog
 52221 | Snake:2  | Upgraded the game from 0.24.0 to 0.24.0-1-gfbc8707122
 53336 | Snake:3  | Noticed Saint Roka
 53360 | Snake:3  | Killed Saint Roka
 53503 | Snake:3  | Noticed Aizul
 53521 | Snake:3  | Killed Aizul
 54076 | Snake:3  | Received a gift from Trog
 54097 | Snake:3  | Noticed Vashnia
 54139 | Snake:3  | Killed Vashnia
 54645 | Snake:4  | Entered Level 4 of the Snake Pit
 55269 | Snake:4  | Noticed Asterion
 55290 | Snake:4  | Killed Asterion
 55748 | Snake:4  | Received a gift from Trog
 55819 | Snake:4  | Got a serpentine rune of Zot
 56036 | Snake:4  | Reached XP level 21. HP: 136/136 MP: 26/26
 56269 | Snake:4  | Found a large runed translucent door.
 56270 | Snake:4  | Found a large runed translucent door.
 56273 | Snake:4  | Noticed Dittersdorf's ghost (adept MiBe)
 56375 | Snake:4  | Killed Dittersdorf's ghost
 57152 | Depths:1 | Found a one-way gate to the infinite horrors of the Abyss.
 57218 | Depths:1 | Found Hidy's Armour Shoppe.
 57220 | Depths:1 | Found Ollaceki's Gadget Shoppe.
 57220 | Depths:1 | Found Cari Byl's Weapon Emporium.
 57238 | Depths:1 | Found Vuerch's Antique Armour Emporium.
 57264 | Depths:1 | Received a gift from Trog
 57372 | Depths:1 | Reached skill level 15 in Shields
 57544 | Depths:1 | Bought a pair of spiked gloves for 494 gold pieces
 57544 | Depths:1 | Identified the +2 pair of gloves "Donuneiq" {rN+ Str+3}
                  | (You bought it in a shop on level 1 of the Depths)
 57733 | Depths:1 | Found a gateway to Hell.
 57905 | Depths:1 | Received a gift from Trog
 58320 | Depths:1 | Reached skill level 17 in Fighting
 59097 | Depths:2 | Received a gift from Trog
 59404 | Depths:2 | Reached skill level 18 in Fighting
 59418 | Depths:2 | Received a gift from Trog
 59473 | Depths:2 | Reached XP level 22. HP: 132/146 MP: 27/27
 60039 | Depths:2 | Paralysed by a floating eye for 4 turns
 60046 | Depths:2 | Paralysed by a floating eye for 2 turns
 60079 | Depths:2 | Paralysed by a floating eye for 3 turns
 60089 | Depths:2 | Paralysed by a floating eye for 2 turns
 60962 | Depths:3 | Found a one-way gate leading to the halls of Pandemonium.
 61655 | Depths:3 | Reached skill level 19 in Fighting
 61900 | Depths:3 | Received a gift from Trog
 62862 | Depths:3 | Received a gift from Trog
 63051 | Depths:3 | Noticed a caustic shrike
 63066 | Depths:3 | Killed a caustic shrike
 63066 | Depths:3 | Reached skill level 20 in Fighting
 63971 | Depths:4 | Reached XP level 23. HP: 154/154 MP: 28/28
 64002 | Depths:4 | Noticed a caustic shrike
 64014 | Depths:4 | Killed a caustic shrike
 64040 | Depths:4 | Killed from afar by a frost giant

Levels and vault maps discovered:
D:1:      lightli_arrival_noodles, layout_loops_ring
D:2:      layout_rooms, minitemple, first_ration, interstate_on_off,
          uniq_natasha, uniq_robin
D:3:      layout_loops_ring, nicolae_overflow_hidden_temple, minmay_ruptured,
          uniq_crazy_yiuf_cottage
D:4:      layout_loops_ring, uniq_grinder
D:5:      layout_gridville, minmay_shop_enchanted_jewellery, okawaru_trees_2,
          uniq_blork_the_orc
D:6:      layout_basic, chequers_jeans, chequers_serial_rivers_micro_c
D:7:      layout_rooms, grunt_qazlal_clouds, nicolae_overflow_crystal_walls,
          minmay_temple_entry_statues_fountains, serial_glass, glass_columns_a,
          glass_columns_b, glass_columns_a, glass_columns_a,
          ebering_ghost_reflecting_pool
D:8:      layout_basic, kennysheep_little_box, ebering_ghost_inner_flame,
          blue_anna_alchemist [blue_anna_fruit_fields, blue_anna_fruit_fields],
          hangedman_abyss_or_decor_lesser_grid, xom_redecorated
D:9:      layout_long_grid, serial_shops, nicolae_shop_stone, uniq_harold
D:10:     layout_cave_pools, erik_lair_orcish_takeover
D:11:     layout_cave_pools, basic_altar, serial_bayou, serial_bayou_ford_a,
          serial_bayou_pond_d, serial_bayou_lagoon_b, serial_bayou_pond_c
D:12:     layout_basic, kennysheep_orc_monster_closet_entryway,
          gammafunk_ghost_smash
D:13:     minmay_sliced_demisemicircle, layout_basic, uniq_kirke, uniq_urug
D:14:     layout_gridville, skrybe_vaults_entry_preservation, fedhas_altar_3,
          gammafunk_ghost_hydra_chop, uniq_frances
D:15:     gammafunk_depths_entry_grave, layout_cave_pools,
          nicolae_dithmenos_the_darkroom, minmay_ruined_shrine
Lair:1:   layout_regular_city, basic_altar, gammafunk_lair_bear_cave,
          grunt_megastairs_4, infiniplex_staircase_pool, uniq_sonja
Lair:2:   layout_cave_pods, swamp_mist_pool
Lair:3:   layout_roguey, dummy_snake_entry
Lair:4:   layout_loops_ring
Lair:5:   layout_roguey, slime_altar_2
Lair:6:   hangedman_lair_tendril_chambers, layout_regular_city,
          minmay_lair_oklob_chamber
Swamp:1:  layout_basic_swamp, nicolae_swamp_round_clearing, swamp_pool1,
          ldierk_geyser, roderic_carrion_pond
Swamp:2:  layout_basic_swamp, evilmike_swamp_ruin_rubble_1
Swamp:3:  layout_basic_swamp, evilmike_swamp_ruin_house_2,
          infiniplex_staircase_pool_2
Swamp:4:  swamp_old_school, layout_basic_swamp
Snake:1:  layout_layer_cave, serial_shops, shop, uniq_agnes
Snake:2:  layout_onion_interference, nrook_guardian_serpent_ordinary
Snake:3:  layout_layer_cave, st_stairs_8, serial_bayou_pond_d, uniq_saint_roka,
          uniq_vashnia, uniq_aizul
Snake:4:  snake_pit, layout_gridlike, ebering_ghost_disaster_area, uniq_asterion
Orc:1:    layout_caves, serial_shops, nicolae_shop_behind_doors
Orc:2:    st_orc_congregation, layout_caves, special_room
Vaults:1: grunt_vaults_focal, ontoclasm_vaults_ligature,
          ontoclasm_vaults_ring_square, v_misc_23, grunt_vaults_swirl,
          nicolae_vaults_stairing_the_circle, vaults_room_stairs_pillars,
          nicolae_vaults_shelves_hall, nicolae_vaults_three_branches,
          nicolae_vaults_murderbox, layout_vaults_omnicross, serial_shops, shop
Vaults:2: grunt_vaults_hallway_short, v_misc_25, nicolae_vaults_back_hallway,
          ontoclasm_vaults_tryst, ontoclasm_vaults_hangar,
          nicolae_vaults_windows_and_doors_thing, ontoclasm_vaults_ring_small,
          v_rooms_6, hangedman_vaults_stitches, vaults_room_hangedman_quadrants,
          vaults_room_pools, hangedman_vaults_stretched_pinwheel,
          vaults_dpeg_hooks, layout_vaults_omnibox
Vaults:3: v_alt_pattern_6, minmay_crypt_entry_simple_round,
          hangedman_vaults_impose, v_misc_11, nicolae_vaults_sealed_display,
          ontoclasm_vaults_ring_small, v_rooms_6, v_pattern_2,
          vaults_room_stairs_pillars, nicolae_vaults_little_squares_4,
          vaults_room_grid, nicolae_vaults_rhombus_5, ontoclasm_vaults_eye,
          layout_vaults_big_room, uniq_margery
Vaults:4: nicolae_vaults_what_the_h, grunt_vaults_trifunnel, v_misc_10,
          v_misc_1, v_misc_13, serial_ice_m, v_pattern_4, vaults_dpeg_cross,
          nicolae_vaults_diagonal_hallway_7, layout_vaults_omnigrid
Depths:1: layout_basic, hell_entry, hex_medium, minmay_room_of_horrors,
          minmay_hollow_rounded_squares, minmay_shoptagon
Depths:2: lemuel_river_lethe, hell_entry, serial_shops
Depths:3: hangedman_stitches_corridor, layout_gridville,
          pf_vacation_house_of_asmodeus, rand_demon_pan_entry_5
Depths:4: minmay_the_grid_square_5x5_5x5 [minmay_the_grid_square_5x5_c,
          minmay_the_grid_square_5x5_one_wall, minmay_the_grid_square_5x5_three,
          minmay_the_grid_square_5x5_inner_v,
          minmay_the_grid_square_5x5_tri_point,
          minmay_the_grid_square_5x5_detours,
          minmay_the_grid_square_5x5_prize_rear_guard,
          minmay_the_grid_square_5x5_comb,
          minmay_the_grid_square_5x5_prize_deathbox,
          minmay_the_grid_square_5x5_inner_i,
          minmay_the_grid_square_5x5_beaten_path, minmay_the_grid_square_5x5_z,
          minmay_the_grid_square_5x5_prize_open,
          minmay_the_grid_square_5x5_minivault,
          minmay_the_grid_square_5x5_lines, minmay_the_grid_square_5x5_two,
          minmay_the_grid_square_5x5_prize_pseudospiral,
          minmay_the_grid_square_5x5_three_small,
          minmay_the_grid_square_5x5_prize_waves,
          minmay_the_grid_square_5x5_two_walls_b,
          minmay_the_grid_square_5x5_fancy_junction,
          minmay_the_grid_square_5x5_shrine1,
          minmay_the_grid_square_5x5_half_checkered,
          minmay_the_grid_square_5x5_n_small,
          minmay_the_grid_square_5x5_longway], layout_gridville,
          minmay_misc_feat_nine_boxes, lightli_too_deep,
          nicolae_abyss_entry_one_way_or_another, minmay_tree_intersection

Skill      XL: |  1  2  3  4  5  6  7  8  9 10 11 12 13 14 15 16 17 18 19 20 21 22 |
---------------+-------------------------------------------------------------------+-----
Armour         | 2 4 7 10 | 10.0
Dodging        | 3 8 10 13 15 16 17 18 | 18.0
Axes           | 3 4 5 7 9 10 12 14 15 16 17 18 | 18.0
Fighting       | 3 4 5 7 9 10 11 13 14 15 16 18 20 | 20.5
Shields        | 4 8 11 14 15 | 15.0
Evocations     | 5 |  5.0

Action                   |  1- 3 |  4- 6 |  7- 9 | 10-12 | 13-15 | 16-18 | 19-21 | 22-24 || total
-------------------------+-------+-------+-------+-------+-------+-------+-------+-------++-------
Melee: Hand axe          |    92 |   261 |   386 |   289 |    72 |    80 |       |       ||  1180
       Whip              |       |       |       |   469 |  1295 |       |       |       ||  1764
       Broad axe         |       |       |       |       |   526 |  1048 |  1910 |   715 ||  4199
Throw: Stone             |     2 |       |       |       |       |       |       |       ||     2
       Javelin           |       |       |     2 |     2 |       |       |       |       ||     4
Invok: Berserk           |     3 |    11 |    16 |    17 |    34 |    21 |    22 |    16 ||   140
       Trog's Hand       |       |     2 |     2 |     5 |    17 |    17 |    11 |     2 ||    56
       Brothers in Arms  |       |       |       |     1 |     4 |     9 |     1 |       ||    15
Evoke: Wand              |       |       |       |    13 |    13 |     3 |     2 |       ||    31
       Phial of floods   |       |       |       |       |     1 |       |       |       ||     1
  Use: Potion            |       |     4 |       |     1 |     1 |    13 |     3 |     1 ||    23
       Scroll            |       |     7 |     9 |     5 |    23 |     8 |     7 |       ||    59
 Stab: Paralysed         |       |       |       |     8 |       |       |       |       ||     8
       Confused          |       |       |       |     3 |       |       |       |       ||     3
       Distracted        |       |       |       |       |     2 |       |       |       ||     2
  Eat: Chunk             |     2 |    16 |    23 |    37 |    62 |    36 |    32 |    20 ||   228
       Ration            |       |     1 |     2 |     2 |    11 |    10 |    10 |     3 ||    39
Armor: Chain mail        |    68 |   180 |   206 |       |     3 |   315 |       |       ||   772
       Scale mail        |       |       |       |   149 |       |       |       |       ||   149
       Crystal plate arm |       |       |       |   335 |  1315 |   357 |   696 |   302 ||  3005
Dodge: Dodged            |    33 |   140 |   136 |   184 |   464 |   382 |   265 |   153 ||  1757
Block: Buckler           |       |       |       |       |   237 |   425 |       |       ||   662
       Reflection        |       |       |       |       |       |    51 |   174 |    20 ||   245
       Large shield      |       |       |       |       |       |   204 |  1729 |   651 ||  2584
